 Dungeon Crawl Stone Soup version 0.21-a0-88-g13b9641 (webtiles) character file.

975 Lavandula the Cutter (level 7, -9/48 HPs)
             Began as a Mummy Arcane Marksman on June 26, 2017.
             Killed by triggering an arrow trap (13 damage)
             ... in an ossuary.
             The game lasted 00:18:21 (4960 turns).

Lavandula the Cutter (Mummy Arcane Marksman)        Turns: 4960, Time: 00:18:21

Health: -9/48      AC:  5    Str: 13    XL:     7   Next: 95%
Magic:  0/10       EV: 12    Int: 12    God:
Gold:   279        SH:  0    Dex: 15    Spells: 4/10 levels left

rFire    x . .     SeeInvis .   g - +5 dagger (drain)
rCold    + . .     Gourm    .   (no shield)
rNeg     + + +     Faith    .   t - +2 leather armour
rPois    ∞         Spirit   +   (no helmet)
rElec    .         Reflect  .   l - scarf {Spirit}
rCorr    .         Harm     .   (no gloves)
MR       .....                  (no boots)
Stlth    +.........             (no amulet)
HPRegen  0.16/turn              (no ring)
MPRegen  0.12/turn              (no ring)

@: no status effects
A: no food or potions, fire vulnerability, cold resistance 1, negative energy
resistance 3, torment resistance, unbreathing
a: no special abilities


You were in an ossuary.
You were not hungry.

You visited 2 branches of the dungeon, and saw 8 of its levels.
You also visited: Sewer and Ossuary.

You collected 279 gold pieces.

Inventory:

Hand Weapons
 a - a +0 hand crossbow
 g - a +5 dagger of draining (weapon)
 n - a +0 blowgun
 r - a +2 short sword of draining
Missiles
 d - 80 bolts
 k - 3 javelins (quivered)
 p - 47 poisoned needles
 s - 6 tomahawks
Armour
 e - a +0 robe
 j - a +0 ring mail
 l - a scarf of spirit shield (worn)
 t - a +2 leather armour (worn)
Jewellery
 m - an uncursed ring of teleportation
Wands
 b - a wand of polymorph (10/24)
 q - a wand of polymorph (13/24)
 w - a wand of random effects (29/48)
Scrolls
 f - 2 scrolls of immolation
 h - 2 scrolls of teleportation
 o - 3 scrolls of fog
 u - a scroll of noise
 v - a scroll of remove curse
 x - a scroll of random uselessness {unknown}
Books
 c - a book of Debilitation

   Spells                             Type                      Level
   a - Corona                         Hexes                        1
   b - Slow                           Hexes                        2
   c - Inner Flame                    Hexes/Fire                   3
   d - Portal Projectile              Hexes/Translocation          3
   e - Cause Fear                     Hexes                        4
   f - Leda's Liquefaction            Hexes/Earth                  4
 i - a book of Misfortune

   Spells                             Type                      Level
   a - Confusing Touch                Hexes                        1
   b - Confuse                        Hexes                        3
   c - Gell's Gravitas                Translocation                3
   d - Petrify                        Transmutation/Earth          4
   e - Metabolic Englaciation         Hexes/Ice                    5
   f - Yara's Violent Unravelling     Hexes/Transmutation          5


   Skills:
 - Level 1.0 Fighting
 - Level 6.7 Short Blades
 - Level 2.2 Crossbows
 - Level 1.5 Dodging
 + Level 2.2 Spellcasting
 - Level 4.0 Hexes


You had 4 spell levels left.
You knew the following spells:

 Your Spells              Type           Power        Failure   Level  Hunger
a - Corona                Hex            ##.....      6%          1    N/A
b - Slow                  Hex            ##......     10%         2    N/A
c - Confuse               Hex            ##......     19%         3    N/A

Dungeon Overview and Level Annotations

Branches:
Dungeon (7/15)             Temple (1/1) D:7

Altars:
Ashenzari
Cheibriados
Dithmenos
Elyvilon
Fedhas
Hepliaklqana
Kikubaaqudgha
Makhleb
Nemelex Xobeh
Uskayaw
Vehumet
Xom
Zin
The Shining One


Innate Abilities, Weirdness & Mutations

You do not eat or drink.
Your flesh is vulnerable to fire.
You are immune to poison.
Your flesh is cold resistant. (rC+)
You are immune to negative energy. (rN+++)
You are immune to unholy pain and torment.
You can survive without breathing.


Message History

The mummy hits you.
You hit the mummy but do no damage.
The mummy is moderately damaged.
You hit the mummy.
The mummy is heavily damaged.
The mummy barely misses you. The mummy closely misses you.
You hit the mummy.
The mummy is heavily damaged.
You hit the mummy but do no damage.
The mummy is heavily damaged.
The mummy hits you! x2
* * * LOW HITPOINT WARNING * * *
Unknown command.
Sorry, you're not good enough to have a special ability.
Unknown command.
Evoke which item? (* to show all) (? for menu, Esc to quit)
Okay, then.
Okay, then.
An arrow shoots out and hits you!
You die...

##.(.##
#.....#
##.....##
#.......#
#..M....#
#.MM∩...#
#.......#
#...∩...#
#..@....#
#.......#
##.....##
+.....+
#.....#
+.....+
#.....#
+.....+


You could see 3 mummies.

Vanquished Creatures
  An ice beast (D:4)
  2 big kobolds (Sewer)
  A bullfrog (D:6)
  2 howler monkeys
  A crimson imp (D:5)
  2 bullfrog zombies (D:6)
  A hound (D:4)
  A centaur skeleton (D:4)
  2 orc priests
  An orc wizard (D:3)
  2 worker ants
  An iguana (D:4)
  A mummy (D:7)
  7 adders
  7 river rats
  A shadow imp (D:6)
  An adder zombie (D:6)
  4 worms
  2 dart slugs
  A leopard gecko (D:5)
  11 orcs
  6 bats
  4 giant cockroaches
  7 goblins
  10 hobgoblins
  6 jackals
  2 quokkas
  8 ball pythons
  6 frilled lizards
  20 kobolds
  A kobold zombie (D:7)
  23 rats
145 creatures vanquished.

Notes
Turn   | Place    | Note
-------+----------+-------------------------------------------
     0 | D:1      | Lavandula the Mummy Arcane Marksman began the quest for the Orb.
     0 | D:1      | Reached XP level 1. HP: 15/15 MP: 2/2
   331 | D:1      | Reached XP level 2. HP: 21/21 MP: 4/4
   675 | D:1      | Learned a level 2 spell: Slow
   794 | D:2      | Reached skill level 1 in Short Blades
   867 | D:2      | Reached XP level 3. HP: 18/26 MP: 5/5
  1411 | D:2      | Reached skill level 2 in Short Blades
  1809 | D:3      | Found a glowing silver altar of Zin.
  1829 | D:3      | Reached XP level 4. HP: 26/32 MP: 6/6
  2551 | D:4      | Noticed an ice beast
  2566 | D:4      | Killed an ice beast
  2566 | D:4      | Reached skill level 3 in Short Blades
  2566 | D:4      | Reached XP level 5. HP: 31/37 MP: 5/7
  2572 | D:4      | Found a hazy altar of Hepliaklqana.
  2580 | D:4      | Reached skill level 4 in Short Blades
  2734 | D:3      | Learned a level 3 spell: Confuse
  2972 | D:4      | Reached XP level 6. HP: 18/43 MP: 2/8
  3445 | D:4      | Found a hide-covered altar of Uskayaw.
  3546 | D:5      | Entered Level 5 of the Dungeon
  3675 | D:5      | Found a glowing drain.
  3679 | Sewer    | Entered a sewer
  3897 | Sewer    | Reached skill level 5 in Short Blades
  3961 | Sewer    | Reached XP level 7. HP: 41/48 MP: 7/9
  4298 | D:5      | Reached skill level 6 in Short Blades
  4732 | D:7      | Found a staircase to the Ecumenical Temple.
  4739 | Temple   | Entered the Ecumenical Temple
  4921 | D:7      | Found a sand-covered staircase.
  4945 | Ossuary  | Entered an ossuary
  4960 | Ossuary  | Killed by triggering an arrow trap

Vault maps used:
D:1:      dpeg_arrival_solitude
D:2:      minmay_misc_feat_ornament
D:3:      zin_statuary, first_bread
D:4:      lemuel_coloured_pillars_altar, nicolae_overflow_hidden_temple
D:5:      gup_sewer_entry_spiral, st_stairs_14
D:7:      grunt_temple_overflow_open, minmay_temple_entry_statues_fountains,
          nicolae_ossuary_entry_giza, serial_shops, shop, uniq_duvessa
Temple:   minmay_temple_curvy_loop
Sewer:    sewer_minmay_treatment
Ossuary:  ossuary_the_hunt_dpeg

Skill      XL: |  1  2  3  4  5  6  7 |
---------------+----------------------+-----
Crossbows      | 2 |  2.2
Short Blades   | 1 2 3 4 5 6 |  6.7
Hexes          | 4 |  4.0
Spellcasting   | 2 |  2.2
Fighting       | |  1.0
Dodging        | |  1.5

Action                   |  1- 3 |  4- 6 |  7- 9 || total
-------------------------+-------+-------+-------++-------
Melee: Dagger            |    93 |   188 |   170 ||   451
 Fire: Hand crossbow     |    21 |       |       ||    21
Throw: Javelin           |       |     1 |     3 ||     4
 Cast: Corona            |     1 |     7 |       ||     8
       Confuse           |       |     7 |     3 ||    10
       Slow              |       |     2 |       ||     2
  Use: Scroll            |       |    11 |     3 ||    14
 Stab: Sleeping          |     2 |       |       ||     2
       Confused          |       |     3 |       ||     3
Armor: Robe              |     7 |     1 |       ||     8
       Ring mail         |    23 |    24 |       ||    47
       Leather armour    |       |    22 |    41 ||    63
Dodge: Dodged            |    52 |    90 |    91 ||   233
